 Dungeon Crawl Stone Soup version 0.32-a0-468-g38b2580584 (webtiles) character file.

Game seed: 14013175254912580855

44 Goblin1989 the Changeling (level 3, 0/26 HPs)
             Began as a Demonspawn Shapeshifter on Feb 24, 2024.
             Killed by nerve-wracking pain
             ... invoked by Grinder
              (8 damage)
             ... on level 3 of the Dungeon.
             The game lasted 00:04:11 (1777 turns).

Goblin1989 the Changeling (Demonspawn Shapeshifter) Turns: 1777, Time: 00:04:12

Health: 0/26       AC:  5    Str: 16    XL:     3   Next: 39%
Magic:  3/3        EV: 10    Int: 10    God:
Gold:   69         SH:  4    Dex: 12    Spells: 2/2 levels left

rFire   . .          .
                       - Unarmed
rCold   . . .        m - +0 buckler
rNeg    . . .        i - +0 ring mail
rPois   .            (helmet currently unavailable)
rElec   .            (cloak currently unavailable)
rCorr   .            (gloves currently unavailable)
SInv    .            (boots currently unavailable)
Will    .....        (no amulet)
Stlth   +            (no ring)
HPRegen 0.24/turn    (no ring)
MPRegen 0.08/turn

%: no passive effects
@: mighty, beast-form
A: beast (slay +2), horns 1
a: Begin Untransformation


You were on level 3 of the Dungeon.
You were a hulking beast.
You visited 1 branch of the dungeon, and saw 3 of its levels.

You collected 69 gold pieces.

Inventory:

Missiles
 n - 5 javelins (quivered) {@Q3}
 o - 13 poisoned darts
 s - 4 stones
Armour
 i - a +0 ring mail (worn)
 m - a +0 buckler (worn)
 u - a +0 pair of boots
 w - a +0 scale mail
 x - a +0 plate armour
Talismans
 c - a beast talisman (active)
 d - a flux talisman
Scrolls
 f - 2 scrolls of fear {unknown}
 h - a scroll of blinking {unknown}
 p - 2 scrolls of amnesia {unknown}
 q - 2 scrolls of identify {unknown}
 r - a scroll of butterflies {unknown}
 t - 2 scrolls of poison {unknown}
 v - a scroll of enchant armour {unknown}
Potions
 b - 2 potions of lignification
 g - 3 potions of brilliance {unknown}
 j - 2 potions of heal wounds {unknown}
 k - a potion of enlightenment {unknown}
 l - a potion of berserk rage {unknown}


   Skills:
 + Level 1.0 Fighting
 + Level 0.2 Throwing
 + Level 0.0 Armour
 + Level 1.8 Dodging
 + Level 0.2 Shields
 * Level 2.7 Unarmed Combat
 + Level 3.7 Shapeshifting


You had 2 spell levels left.
You didn't know any spells.
Your spell library contained the following spells:

 Spells                   Type           Power      Damage    Failure   Level
 Ensorcelled Hibernation  Hex/Ice        0%         N/A       83%         2
 Fugue of the Fallen      Necr           0%         N/A       96%         3
 Ozocubu's Armour         Ice            0%         N/A       96%         3
 Tukima's Dance           Hex            0%         N/A       96%         3
 Anguish                  Hex/Necr       0%         N/A       100%        4
 Passage of Golubria      Tloc           0%         N/A       100%        4
 Metabolic Englaciation   Hex/Ice        0%         N/A       100%        5
 Yara's Violent Unravell  Hex/Alch       0%         3d3       100%        5
 Sculpt Simulacrum        Ice/Alch       0%         N/A       100%        6


Dungeon Overview and Level Annotations

Branches:
Dungeon (3/15) Zot: 16220

Altars:

Annotations:
D:3 Grinder


Innate Abilities, Weirdness & Mutations

You are a hulking beast.
Your limbs bulge with bestial killing power. (Slay +2)
You have a pair of small horns on your head.


Message History

No target in view!
No target in view!
No target in view!
No target in view!
No target in view!
No target in view!
No target in view!
No target in view!
No target in view!
No target in view!
There is an escape hatch in the ceiling here.
q - 2 scrolls labelled VEIHUY FUWEDWAVAN (gained 1)
There is an escape hatch in the ceiling here.
Done exploring.
Health restored: 26 Done exploring.
Done exploring.
Unknown command.
Unknown command.
Done exploring.
Okay, then.
Search for what [Enter for "."]?
Unknown command.
Unknown command.
There is a stone staircase leading down here.
You climb downwards.
Grinder shouts!
Found 11 gold pieces.
There is a stone staircase leading up here.
Grinder gestures at you. Pain shoots through your body!
You climb upwards.
There is a stone staircase leading down here.
You take 1 damage, and have 25/26 hp.
HP restored.
Things that are here:
a +0 dagger; a goblin skeleton
There is a stone staircase leading down here.
Health restored: 26 You climb downwards.
Level annotation: Grinder The endoplasm quivers.
The jackal barks!
You hear an angry hiss.
Found 4 gold pieces and a white potion.
There is a stone staircase leading up here.
You climb upwards.
There is a stone staircase leading down here.
There is a stone staircase leading down here.
You climb downwards.
Level annotation: Grinder
Found a glowing purple potion, 7 stones and a leather armour.
Found a stone staircase leading down.
There is a stone staircase leading up here.
You climb upwards.
There is a stone staircase leading down here.
It was a potion of might.
You feel very mighty all of a sudden.
You climb downwards.
Level annotation: Grinder
There is a stone staircase leading up here.
Grinder says, "Tell me all your secrets, or I'll kill you."
You punch Grinder!
Grinder is moderately wounded.
Grinder barely misses you.
You punch Grinder!
Grinder is heavily wounded.
Grinder blinks!
Grinder closely misses you.
You closely miss Grinder.
Grinder is heavily wounded.
Grinder hits you but does no damage.
You closely miss Grinder.
Grinder is heavily wounded.
Grinder blinks!
Grinder gestures at you.
You suddenly lose the ability to move!
Grinder hits you.
You writhe in agony.
Grinder hits you.
The endoplasm quivers.
Grinder hits you!
You writhe in agony.
* * * LOW HITPOINT WARNING * * *
You can move again.
You take 19 damage, and have 7/26 hp.
MASSIVE DAMAGE!!
Unknown command.
You completely miss Grinder. Your headbutt misses Grinder.
Grinder is heavily wounded.
Grinder blinks!
Grinder closely misses you.
There is a stone staircase leading up here.
You punch Grinder!
Grinder is severely wounded.
Grinder blinks!
You punch the endoplasm!
You kill the endoplasm!
Grinder gestures at you.
You barely resist. Grinder gestures at you. Pain shoots through your body!
You die...
Grinder says, "Hey, I wasn't done torturing you yet!"

.██.!...██ ....
(....>...██ ....
..........█ ... ..
..........███ █.██████.█
........█...████........█
.........█..............█
.......[.█..█5█........█
.......................█
................h......█
..█.............<.....█
████....██..........█
█....███..........█
█....█ █....██..█.█ ██
█.h..█ █....$ .....
...█....█ ..█.... ....
█......██....... █..
██...........██.. ..


You could see Grinder.

Vanquished Creatures
  2 dart slugs
  8 endoplasms
  3 goblins
  5 hobgoblins
  4 jackals (D:2)
  A quokka (D:1)
  5 ball pythons
  A bat (D:2)
  A frilled lizard (D:1)
  2 kobolds (D:2)
  2 rats
34 creatures vanquished.

Notes
Turn   | Place    | Note
-------+----------+-------------------------------------------
     0 | D:1      | Goblin1989 the Demonspawn Shapeshifter began the quest for
                  | the Orb.
     0 | D:1      | Reached XP level 1. HP: 15/15 MP: 1/1
    76 | D:1      | Reached skill level 3 in Shapeshifting
   270 | D:1      | Found a faded altar of an unknown god.
   289 | D:1      | Gained mutation: You have a pair of small horns on your
                  | head. [demonic ancestry]
   289 | D:1      | Reached XP level 2. HP: 17/21 MP: 2/2
  1099 | D:2      | Reached XP level 3. HP: 26/26 MP: 3/3
  1653 | D:3      | Noticed Grinder
  1767 | D:3      | Paralysed by Grinder for 5 turns
  1777 | D:3      | Killed from afar by Grinder

Illustrated notes

Levels and vault maps discovered:
D:1:      amcnicky_arrival_gap_in_the_tavern_cellar, layout_basic,
          basic_ecumenical_altar
D:2:      layout_basic
D:3:      layout_rooms, grunt_qazlal_clouds, uniq_grinder

Skill      XL: |  1 |
---------------+----+-----
Shapeshifting  | 3 |  3.7
Fighting       | |  1.0
Throwing       | |  0.2
Dodging        | |  1.8
Shields        | |  0.2
Unarmed Combat | |  2.7

Action                     || total
---------------------------++-------
  Melee: Unarmed           ||    80
         Headbutt          ||    11
    Use: Potion            ||     1
 Armour: Animal skin       ||    10
         Ring mail         ||    34
  Dodge: Dodged            ||    41
  Block: Buckler           ||    13

Table legend: (Time is in decaauts)
 A = Elapsed time spent in this place.
 B = Non-inter-level travel time spent in this place.
 C = Inter-level travel time spent in this place.
 D = Time resting spent in this place.
 E = Time spent auto-exploring this place.
 F = Levels seen in this place.
 G = Mean time per level.
                   A        B        C        D        E       F      G
               +--------+--------+--------+--------+--------+-----+--------+
         Total |   1778 |   1654 |    124 |      0 |   1348 |   3 |  592.7 |
       Dungeon |   1778 |   1654 |    124 |      0 |   1348 |   3 |  592.7 |
               +--------+--------+--------+--------+--------+-----+--------+

Top non-repeatable levels by time:
     D:2: 954 daAuts
     D:1: 791 daAuts
     D:3: 32 daAuts
